General information
- name: BNet
- type: Ladder team game (AT/RT)
- host: Battle.net
- saver: brucewillisusa
map: FullScaleAssault
- players: 8
- length: 27:21
- speed: Fast
- version: 1.24 W3XP
- replay type: Public
» download(177 KB)
Players
team 1 (loser)

»
TanisTrueBow (
pink | 55 APM | 1422 actions | 25:43)
5 Beastmaster
3 Summon Bear
2 Summon Hawk
4 Keeper of the Grove
2 Entangling Roots
2 Thorns Aura
» actions
| Assign group hotkey | 81 | |
| Build / train | 65 | |
| Enter build submenu | 26 | |
| Enter hero's abilities submenu | 9 | |
| Give item / drop item | 2 | |
| Remove unit from queue | 1 | |
| Right click | 553 | |
| Select / deselect | 201 | |
| Select group hotkey | 385 | |
| Use ability | 99 | |
1422 total
» units
| Wisp | 16 | |
| Druid of the Claw | 4 | |
| Dryad | 12 | |
32 total
» upgrades
| Strength of the Wild | 1 | |
| Reinforced Hides | 1 | |
| Druid of the Claw Training | 2 | |
| Abolish Magic | 1 | |
| Well Spring | 1 | |
| Mark of the Claw | 1 | |
7 total
» buildings
| Moon Well | 7 | |
| Altar of Elders | 1 | |
| Ancient of Wonders | 1 | |
| Tree of Ages | 1 | |
| Hunter's Hall | 1 | |
| Tree of Eternity | 1 | |
| Ancient of Lore | 3 | |
| Tree of Life | 3 | |
| Ancient Protector | 6 | |
24 total
» build order
00:11 Moon Well
00:59 Altar of Elders
01:08 Ancient of Wonders
01:24 Moon Well
01:39 Moon Well
03:27 Tree of Ages
03:31 Hunter's Hall
03:37 Moon Well
03:39 Moon Well
06:22 Tree of Eternity
06:29 Ancient of Lore
06:32 Ancient of Lore
07:32 Tree of Life
11:42 Ancient Protector
11:44 Ancient Protector
11:46 Ancient Protector
11:48 Ancient Protector
11:59 Moon Well
12:58 Moon Well
15:53 Tree of Life
16:15 Ancient of Lore
16:43 Ancient Protector
16:46 Ancient Protector
22:18 Tree of Life
» items
| Lesser Clarity Potion | 4 | |
| Moonstone | 1 | |
| Potion of Healing | 3 | |
| Potion of Lesser Invulnerability | 1 | |
| Scroll of Town Portal | 1 | |
| Potion of Mana | 2 | |
12 total

»
lordofmysery (
purple | 54 APM | 1358 actions | 25:22)
5 Archmage
3 Summon Water Elemental
2 Brilliance Aura
4 Paladin
2 Holy Light
2 Devotion Aura
» actions
| Basic commands | 105 | |
| Build / train | 69 | |
| ESC pressed | 1 | |
| Enter build submenu | 30 | |
| Enter hero's abilities submenu | 9 | |
| Right click | 730 | |
| Select / deselect | 311 | |
| Use ability | 103 | |
1358 total
» units
| Peasant | 12 | |
| Footman | 8 | |
| Knight | 6 | |
| Priest | 14 | |
40 total
» upgrades
| Defend | 1 | |
| Swords | 2 | |
| Plating | 2 | |
| Priest Training | 2 | |
| Lumber Harvesting | 1 | |
| Animal War Training | 1 | |
| Sorceress Training | 1 | |
10 total
» buildings
| Altar of Kings | 1 | |
| Farm | 13 | |
| Barracks | 2 | |
| Lumber Mill | 1 | |
| Arcane Vault | 1 | |
| Keep | 1 | |
| Blacksmith | 3 | |
| Arcane Sanctum | 1 | |
| Castle | 1 | |
| Scout Tower | 4 | |
| Arcane Tower | 1 | |
| Guard Tower | 2 | |
31 total
» build order
00:21 Altar of Kings
00:37 Farm
00:51 Barracks
01:14 Farm
01:50 Farm
02:29 Barracks
02:35 Lumber Mill
03:15 Farm
03:38 Arcane Vault
04:03 Keep
04:31 Blacksmith
04:43 Farm
05:52 Farm
06:09 Farm
06:56 Arcane Sanctum
06:58 Castle
07:29 Farm
08:29 Farm
08:36 Blacksmith
08:37 Blacksmith
08:38 Farm
09:17 Farm
11:45 Scout Tower
12:22 Arcane Tower
12:37 Scout Tower
13:14 Scout Tower
13:45 Guard Tower
13:48 Scout Tower
14:18 Guard Tower
14:20 Farm
15:07 Farm
» items
| Scroll of Regeneration | 2 | |
| Scroll of Town Portal | 1 | |
3 total

»
AClockworkPeon (
orange | 48 APM | 1118 actions | 23:17)
5 Crypt Lord
3 Carrion Beetles
1 Spiked Carapace
1 Impale
» actions
| Assign group hotkey | 42 | |
| Basic commands | 65 | |
| Build / train | 61 | |
| Enter build submenu | 30 | |
| Enter hero's abilities submenu | 5 | |
| Right click | 454 | |
| Select / deselect | 237 | |
| Select group hotkey | 194 | |
| Use ability | 30 | |
1118 total
» units
| Acolyte | 22 | |
| Ghoul | 6 | |
| Crypt Fiend | 10 | |
38 total
» upgrades
| Creature Attack | 2 | |
| Unholy Armor | 1 | |
| Creature Carapace | 1 | |
| Web | 1 | |
| Cannibalize | 1 | |
6 total
» buildings
| Crypt | 2 | |
| Ziggurat | 11 | |
| Altar of Darkness | 1 | |
| Nerubian Tower | 1 | |
| Graveyard | 1 | |
| Tomb of Relics | 1 | |
| Halls of the Dead | 4 | |
| Necropolis | 2 | |
| Spirit Tower | 1 | |
| Slaughterhouse | 1 | |
25 total
» build order
00:10 Crypt
00:23 Ziggurat
01:18 Altar of Darkness
01:20 Nerubian Tower
01:32 Ziggurat
02:28 Ziggurat
02:32 Graveyard
03:04 Crypt
03:41 Tomb of Relics
05:28 Ziggurat
05:41 Ziggurat
06:19 Halls of the Dead
06:20 Halls of the Dead
06:20 Halls of the Dead
06:57 Ziggurat
07:39 Ziggurat
08:31 Necropolis
10:27 Ziggurat
10:34 Ziggurat
11:21 Spirit Tower
12:40 Slaughterhouse
18:02 Necropolis
18:55 Ziggurat
20:57 Ziggurat

»
IfUCantSayAnyth (
yellow | 38 APM | 1049 actions | 27:19)
6 Paladin
2 Holy Light
3 Devotion Aura
1 Resurrection
2 Dark Ranger
1 Black Arrow
1 Silence
» actions
| Assign group hotkey | 23 | |
| Build / train | 85 | |
| Enter build submenu | 33 | |
| Enter hero's abilities submenu | 8 | |
| Right click | 274 | |
| Select / deselect | 308 | |
| Select group hotkey | 240 | |
| Use ability | 78 | |
1049 total
» units
| Peasant | 12 | |
| Footman | 5 | |
| Mortar Team | 16 | |
| Knight | 7 | |
| Priest | 7 | |
47 total
» upgrades
| Lumber Harvesting | 2 | |
| Masonry | 3 | |
| Flare | 1 | |
| Armor | 3 | |
| Gunpowder | 2 | |
| Fragmentation Shards | 1 | |
| Animal War Training | 1 | |
13 total
» buildings
| Altar of Kings | 1 | |
| Farm | 13 | |
| Lumber Mill | 2 | |
| Barracks | 1 | |
| Keep | 1 | |
| Scout Tower | 10 | |
| Arcane Tower | 2 | |
| Blacksmith | 1 | |
| Guard Tower | 8 | |
| Arcane Vault | 1 | |
| Workshop | 1 | |
| Town Hall | 2 | |
| Castle | 1 | |
44 total
» build order
00:19 Altar of Kings
00:35 Farm
00:56 Lumber Mill
01:01 Lumber Mill
01:11 Barracks
01:15 Farm
02:05 Farm
02:20 Farm
02:45 Keep
02:52 Scout Tower
03:04 Scout Tower
03:24 Farm
03:26 Arcane Tower
03:47 Blacksmith
03:55 Guard Tower
04:14 Arcane Vault
05:07 Workshop
06:32 Farm
06:49 Town Hall
06:52 Scout Tower
07:45 Guard Tower
07:47 Scout Tower
07:50 Farm
07:51 Castle
08:18 Arcane Tower
08:20 Scout Tower
08:56 Guard Tower
08:57 Scout Tower
09:00 Farm
09:29 Guard Tower
11:47 Scout Tower
12:24 Guard Tower
18:33 Farm
18:57 Town Hall
18:59 Scout Tower
19:00 Scout Tower
19:03 Scout Tower
19:29 Farm
19:39 Guard Tower
19:41 Guard Tower
19:42 Guard Tower
20:42 Farm
21:28 Farm
21:53 Farm
» items
| Scroll of Town Portal | 2 | |
| Orb of Fire | 1 | |
3 total
team 2 (winner)
brucewillisusa (
blue | 63 APM | 1722 actions | 27:21)
7 Blood Mage
3 Flame Strike
3 Siphon Mana
1 Summon Phoenix
» actions
| Assign group hotkey | 70 | |
| Basic commands | 24 | |
| Build / train | 111 | |
| ESC pressed | 3 | |
| Enter build submenu | 33 | |
| Enter hero's abilities submenu | 7 | |
| Give item / drop item | 2 | |
| Right click | 768 | |
| Select / deselect | 258 | |
| Select group hotkey | 306 | |
| Use ability | 140 | |
1722 total
» units
| Peasant | 24 | |
| Goblin Shredder | 3 | |
| Goblin Zeppelin | 12 | |
| Siege Engine | 15 | |
| Mortar Team | 2 | |
56 total
» upgrades
| Masonry | 2 | |
| Gunpowder | 2 | |
| Lumber Harvesting | 1 | |
| Plating | 2 | |
| Fragmentation Shards | 1 | |
8 total
» buildings
| Altar of Kings | 1 | |
| Farm | 14 | |
| Lumber Mill | 1 | |
| Town Hall | 2 | |
| Scout Tower | 23 | |
| Arcane Tower | 2 | |
| Guard Tower | 11 | |
| Blacksmith | 1 | |
| Keep | 2 | |
| Castle | 2 | |
| Workshop | 5 | |
64 total
» build order
00:09 Altar of Kings
00:14 Farm
00:43 Farm
01:09 Lumber Mill
01:28 Farm
03:24 Town Hall
03:29 Scout Tower
03:31 Scout Tower
03:32 Scout Tower
03:33 Scout Tower
03:34 Scout Tower
03:51 Scout Tower
04:35 Arcane Tower
04:36 Guard Tower
04:44 Arcane Tower
05:21 Blacksmith
05:24 Keep
05:24 Keep
05:53 Scout Tower
05:55 Scout Tower
05:56 Scout Tower
05:57 Scout Tower
05:57 Scout Tower
05:58 Scout Tower
06:51 Guard Tower
06:55 Scout Tower
06:56 Scout Tower
06:56 Scout Tower
06:58 Scout Tower
06:58 Scout Tower
07:20 Guard Tower
07:28 Guard Tower
07:33 Farm
07:33 Farm
07:34 Farm
07:35 Farm
07:36 Farm
07:37 Farm
08:17 Castle
08:17 Castle
08:24 Guard Tower
08:48 Guard Tower
08:54 Farm
08:54 Farm
08:55 Farm
08:57 Farm
09:02 Workshop
09:04 Workshop
09:07 Workshop
10:23 Farm
10:36 Guard Tower
11:16 Workshop
11:16 Workshop
11:21 Scout Tower
11:22 Scout Tower
11:22 Scout Tower
11:23 Scout Tower
11:23 Scout Tower
11:25 Scout Tower
12:10 Guard Tower
13:02 Guard Tower
25:49 Town Hall
» items
| Boots of Speed | 1 | |
| Staff of Teleportation | 1 | |
| Scroll of Regeneration | 3 | |
| Lesser Clarity Potion | 2 | |
| Scroll of Town Portal | 4 | |
| Potion of Invisibility | 4 | |
| Potion of Healing | 4 | |
| Orb of Corruption | 1 | |
| Potion of Mana | 1 | |
21 total
arising_spirit (
red | 76 APM | 2089 actions | 27:20)
6 Death Knight
3 Death Coil
2 Unholy Aura
1 Animate Dead
5 Crypt Lord
3 Impale
2 Spiked Carapace
» actions
| Assign group hotkey | 24 | |
| Basic commands | 389 | |
| Build / train | 78 | |
| ESC pressed | 2 | |
| Enter build submenu | 22 | |
| Enter hero's abilities submenu | 11 | |
| Right click | 479 | |
| Select / deselect | 335 | |
| Select group hotkey | 634 | |
| Use ability | 115 | |
2089 total
» units
| Acolyte | 7 | |
| Crypt Fiend | 7 | |
| Ghoul | 1 | |
| Goblin Shredder | 1 | |
| Obsidian Statue | 5 | |
| Frost Wyrm | 15 | |
36 total
» upgrades
| Creature Attack | 3 | |
| Creature Carapace | 3 | |
| Web | 1 | |
| Freezing Breath | 1 | |
8 total
» buildings
| Graveyard | 1 | |
| Crypt | 1 | |
| Altar of Darkness | 1 | |
| Ziggurat | 8 | |
| Tomb of Relics | 1 | |
| Necropolis | 1 | |
| Halls of the Dead | 1 | |
| Spirit Tower | 1 | |
| Nerubian Tower | 1 | |
| Slaughterhouse | 1 | |
| Sacrificial Pit | 1 | |
| Black Citadel | 1 | |
| Boneyard | 3 | |
22 total
» build order
00:06 Graveyard
00:11 Crypt
00:45 Altar of Darkness
01:03 Ziggurat
01:45 Tomb of Relics
02:14 Ziggurat
03:21 Ziggurat
04:21 Necropolis
06:26 Ziggurat
06:52 Halls of the Dead
06:59 Ziggurat
07:19 Spirit Tower
07:21 Ziggurat
08:19 Nerubian Tower
08:21 Ziggurat
08:33 Ziggurat
09:18 Slaughterhouse
09:33 Sacrificial Pit
09:47 Black Citadel
12:18 Boneyard
12:41 Boneyard
12:48 Boneyard
» items
| Rod of Necromancy | 2 | |
| Sacrificial Skull | 1 | |
| Boots of Speed | 1 | |
| Scroll of Town Portal | 5 | |
| Potion of Healing | 5 | |
| Orb of Corruption | 1 | |
15 total
Loki23 (
teal | 29 APM | 498 actions | 17:06)
3 Blood Mage
2 Flame Strike
1 Siphon Mana
» actions
| Build / train | 53 | |
| Enter build submenu | 25 | |
| Enter hero's abilities submenu | 3 | |
| Remove unit from queue | 1 | |
| Right click | 119 | |
| Select / deselect | 265 | |
| Use ability | 32 | |
498 total
» units
| Peasant | 14 | |
| Footman | 3 | |
| Rifleman | 5 | |
| Gryphon Rider | 8 | |
| Goblin Zeppelin | 1 | |
| Knight | 2 | |
33 total
» upgrades
| Swords | 3 | |
| Plating | 1 | |
| Masonry | 1 | |
| Lumber Harvesting | 2 | |
| Storm Hammers | 1 | |
| Armor | 2 | |
10 total
» buildings
| Farm | 10 | |
| Altar of Kings | 1 | |
| Barracks | 2 | |
| Lumber Mill | 1 | |
| Blacksmith | 1 | |
| Arcane Vault | 1 | |
| Keep | 1 | |
| Scout Tower | 3 | |
| Guard Tower | 2 | |
| Arcane Tower | 1 | |
| Castle | 1 | |
| Gryphon Aviary | 2 | |
26 total
» build order
00:05 Farm
00:06 Altar of Kings
00:09 Farm
00:13 Barracks
00:39 Barracks
01:35 Farm
02:15 Lumber Mill
02:20 Blacksmith
03:05 Farm
03:39 Farm
03:43 Farm
04:02 Farm
04:18 Arcane Vault
05:17 Keep
05:55 Scout Tower
05:58 Scout Tower
06:31 Scout Tower
06:32 Guard Tower
06:34 Arcane Tower
07:20 Guard Tower
07:52 Castle
07:59 Gryphon Aviary
08:08 Gryphon Aviary
08:43 Farm
09:31 Farm
09:34 Farm

»
MellowYellow420 (
green | 29 APM | 797 actions | 27:20)
5 Dreadlord
3 Sleep
2 Vampiric Aura
5 Death Knight
3 Death Coil
2 Death Pact
» actions
| Build / train | 96 | |
| Enter build submenu | 40 | |
| Enter hero's abilities submenu | 10 | |
| Give item / drop item | 2 | |
| Remove unit from queue | 1 | |
| Right click | 267 | |
| Select / deselect | 272 | |
| Use ability | 108 | |
797 total
» units
| Acolyte | 15 | |
| Ghoul | 10 | |
| Goblin Sapper | 1 | |
| Goblin Zeppelin | 2 | |
| Crypt Fiend | 3 | |
| Necromancer | 6 | |
| Meatwagon | 3 | |
| Abomination | 3 | |
| Banshee | 2 | |
45 total
» upgrades
| Cannibalize | 1 | |
| Unholy Strength | 3 | |
| Unholy Armor | 2 | |
| Web | 1 | |
| Exhume Corpses | 1 | |
| Creature Attack | 1 | |
| Necromancer Training | 2 | |
| Disease Cloud | 1 | |
| Creature Carapace | 1 | |
| Skeletal Mastery | 1 | |
| Skeletal Longevity | 1 | |
| Banshee Training | 1 | |
16 total
» buildings
| Crypt | 1 | |
| Ziggurat | 12 | |
| Altar of Darkness | 2 | |
| Tomb of Relics | 2 | |
| Graveyard | 2 | |
| Nerubian Tower | 6 | |
| Halls of the Dead | 2 | |
| Spirit Tower | 2 | |
| Necropolis | 2 | |
| Slaughterhouse | 5 | |
| Temple of the Damned | 4 | |
| Black Citadel | 2 | |
| Town Hall | 1 | |
| Keep | 1 | |
| Lumber Mill | 1 | |
45 total
» build order
00:19 Crypt
00:25 Ziggurat
00:32 Altar of Darkness
01:05 Tomb of Relics
01:22 Ziggurat
02:05 Graveyard
05:14 Nerubian Tower
06:10 Ziggurat
06:13 Ziggurat
06:16 Ziggurat
06:21 Halls of the Dead
07:15 Spirit Tower
07:16 Nerubian Tower
07:17 Spirit Tower
09:44 Necropolis
09:59 Slaughterhouse
10:02 Temple of the Damned
10:05 Slaughterhouse
10:09 Slaughterhouse
10:18 Black Citadel
11:55 Ziggurat
11:58 Ziggurat
12:02 Ziggurat
13:01 Temple of the Damned
16:21 Halls of the Dead
16:25 Altar of Darkness
16:38 Ziggurat
17:07 Tomb of Relics
18:30 Nerubian Tower
18:32 Nerubian Tower
18:33 Nerubian Tower
18:35 Nerubian Tower
18:49 Black Citadel
19:03 Graveyard
19:16 Town Hall
20:30 Temple of the Damned
20:33 Temple of the Damned
21:29 Necropolis
21:40 Keep
21:44 Lumber Mill
25:35 Slaughterhouse
25:40 Ziggurat
25:42 Ziggurat
25:45 Ziggurat
26:27 Slaughterhouse
» items
| Rod of Necromancy | 2 | |
| Dust of Appearance | 1 | |
| Potion of Healing | 1 | |
| Scroll of Town Portal | 2 | |
| Potion of Mana | 1 | |
| Scroll of Healing | 1 | |
| Orb of Corruption | 1 | |
9 total
Chat log
(00:24 / Allies) arising_spirit: fiend stat wyrms
(00:47 / Allies) MellowYellow420: aboms i guess
(01:32 / Allies) arising_spirit: early expo
(09:34 / Allies) brucewillisusa: gogo
(09:36 / Allies) brucewillisusa: before they get it
(12:43 / All) IfUCantSayAnyth: oops
(17:10 / All) lordofmysery: lol blue
(17:19 / All) TanisTrueBow: no map hack.. no win
(17:27 / All) brucewillisusa: what does that even mean
(17:34 / All) TanisTrueBow: you always map hacked
(17:38 / All) TanisTrueBow: building hack
(17:39 / All) brucewillisusa: im maphackign right now
(17:44 / All) brucewillisusa: my team handed you this game on a platter
(17:49 / All) brucewillisusa: only drophack could have fixed that
(18:22 / All) IfUCantSayAnyth: eek
(20:20 / All) lordofmysery: blue made me laugh from the moment i stole his creep
(20:32 / All) brucewillisusa: that was my noob allies creep
(20:38 / All) brucewillisusa: my expo was already up by then
(22:00 / Allies) brucewillisusa: fight by rtow2ers
(22:03 / Allies) brucewillisusa: its a good place to fight
(22:05 / Allies) brucewillisusa: keep luring htem in
(24:05 / All) brucewillisusa: so wait
(24:07 / All) brucewillisusa: i thought you guys won
(24:15 / All) MellowYellow420: lol
(24:35 / Allies) arising_spirit: i can't touch dryads
(24:43 / Allies) arising_spirit: got most of their heros
(24:46 / Allies) arising_spirit: keep pushing
(25:26 / Allies) arising_spirit: build
(25:26 / Allies) arising_spirit: plz
(25:28 / Allies) arising_spirit: someone
(25:29 / All) brucewillisusa: u mad?
(25:34 / All) brucewillisusa: trying for another luckout hero kill
(25:35 / All) TanisTrueBow: not really